 Dungeon Crawl Stone Soup version 0.24-a0-169-g71aafec (console) character file.

Game seed: 6311584627252522695

5998 Duffy the Destroyer (level 10, 75/75 HPs)
             Began as a Naga Fire Elementalist on Mar 7, 2019.
             Was a Believer of Vehumet.
             Quit the game on level 8 of the Dungeon.
             The game lasted 00:11:42 (9310 turns).

Duffy the Destroyer (Naga Fire Elementalist)        Turns: 9310, Time: 00:11:43

Health: 75/75      AC:  6    Str: 11    XL:     10   Next: 85%
Magic:  31/31      EV: 10    Int: 19    God:    Vehumet [**....]
Gold:   438        SH:  0    Dex: 11    Spells: 13/26 levels left

rFire    . . .     SeeInvis +   s - +0 blowgun
rCold    . . .     Gourm    .   (no shield)
rNeg     . . .     Faith    .   a - +0 robe
rPois    +         Spirit   .   h - +0 helmet
rElec    .         Reflect  .   (no cloak)
rCorr    .         Harm     .   p - +0 pair of gloves
MR       +....                  (no barding)
Stlth    ++........             b - amulet of magic regeneration
HPRegen  0.22/turn              e - ring of magical power
MPRegen  0.47/turn              (no ring)

@: very slow
A: large, see invisible, deformed body, poison resistance, slowness 2, slow
metabolism 1, spit poison 1, AC +3
a: Spit Poison, Renounce Religion


You were on level 8 of the Dungeon.
You worshipped Vehumet.
Vehumet was pleased with you.
You were not hungry.

You visited 1 branch of the dungeon, and saw 9 of its levels.

You collected 438 gold pieces.

Inventory:

Hand Weapons
 s - a +0 blowgun (weapon)
 u - a +2 trident of piercing
Missiles
 k - 8 curare-tipped needles (quivered)
Armour
 a - a +0 robe (worn)
 h - a +0 helmet (worn)
 p - a +0 pair of gloves (worn)
 t - a +1 leather armour of poison resistance
 G - a +0 shield
 I - a +0 large shield
Jewellery
 b - an amulet of magic regeneration (around neck)
 e - a ring of magical power (left hand)
Wands
 y - a wand of flame (13)
 H - a wand of scattershot (3)
 J - a wand of paralysis (12)
Scrolls
 d - 3 scrolls of magic mapping
 i - 2 scrolls of remove curse
 j - 4 scrolls of fog
 l - 2 scrolls of teleportation
 n - 4 scrolls of noise {unknown}
 x - a scroll of enchant armour {unknown}
 z - 4 scrolls of amnesia {unknown}
 A - a scroll of random uselessness {unknown}
 D - 4 scrolls of blinking {unknown}
 E - a scroll of immolation {unknown}
 L - a scroll of enchant weapon {unknown}
Potions
 f - a potion of haste
 g - 3 potions of heal wounds
 m - 2 potions of might
 o - 2 potions of brilliance
 q - a potion of lignification {unknown}
 r - a potion of resistance {unknown}
 v - 2 potions of curing
 w - a potion of magic {unknown}
 B - a potion of agility {unknown}
 C - 2 potions of ambrosia {unknown}
 F - a potion of invisibility {unknown}
Comestibles
 c - 21 rations


   Skills:
 - Level 1.5 Dodging
 - Level 3.0 Stealth
 + Level 8.6 Spellcasting
 + Level 9.6 Conjurations
 + Level 9.6 Fire Magic


You had 13 spell levels left.
You knew the following spells:

 Your Spells              Type           Power        Failure   Level  Hunger
h - Flame Tongue          Conj/Fire      #####        1%          1    None
j - Sticky Flame          Conj/Fire      #####...     1%          4    ###....
k - Fireball              Conj/Fire      #####.....   4%          5    #####..
l - Conjure Flame         Conj/Fire      #####...     1%          3    None

Your spell library contained the following spells:

 Spells                   Type           Power        Failure   Level  Hunger
 Searing Ray              Conj           #####.       1%          2    None
 Throw Flame              Conj/Fire      #####.       1%          2    None
 Inner Flame              Hex/Fire       ####....     3%          3    None


Dungeon Overview and Level Annotations

Branches:
Dungeon (9/15)             Temple (0/1) D:7
   Lair: D:8-11         Orc: D:9-12

Altars:
Ashenzari
Cheibriados
Fedhas
Kikubaaqudgha
Okawaru
Ru
Trog
Vehumet
Wu Jian
Beogh

Shops:
D:8 (

Annotations:
D:5 3 runed translucent doors, exclusion: statue, Cynry's ghost, novice GnSk
D:8 3 runed translucent doors, Phong's ghost, novice HuAK


Innate Abilities, Weirdness & Mutations

You cannot wear boots.
Your serpentine skin is tough. (AC +3)
You have supernaturally acute eyesight. (SInv)
Armour fits poorly on your strangely shaped body.
Your system is resistant to poisons. (rPois)
You cover ground very slowly.
You have a slow metabolism.
You can spit poison.


Message History

You can't see any susceptible monsters within range! (Use Z to cast anyway.) Cast which spell? (? or * to list)
You can't see any susceptible monsters within range! (Use Z to cast anyway.) Cast which spell? (? or * to list)
You can't see any susceptible monsters within range! (Use Z to cast anyway.) Cast which spell? (? or * to list)
You can't see any susceptible monsters within range! (Use Z to cast anyway.) Cast which spell? (? or * to list)
You can't see any susceptible monsters within range! (Use Z to cast anyway.) Magic restored.
You are feeling hungry.
You see here a howler monkey corpse.
You butcher the howler monkey corpse.
K - a chunk of flesh You see here a howler monkey skeleton.
Eating a chunk of flesh.
You eat the chunk of flesh.
This raw flesh tastes terrible.
HP restored.
Partly explored, can't reach some items.
Are you sure you want to abandon this character and quit the game? (Confirm with "yes".)

#)%.%...############
####(#####.}.}........#
#.~.~.~PP#..\.........#
#......~P#.}.}........#
#..P..~~~##...........#
#.....~~P##.#.........#
#.....~~.##.......<...#
##'''###'##.#.........############
#.....#..##.#...@>...............#
#.....'..#................(.......
###########.#...................#.
####.###'#'###'###(..........#.
#...........##.###...........#.
#...........##...)...........'.
#...........######...........##
#..............# #..........)..
#...........#..###.............


There were no monsters in sight!

Vanquished Creatures
  A hydra (D:8)
  Erica (D:8)
  Pikel (D:8)
  Psyche (D:8)
  Prince Ribbit (D:6)
  2 dream sheep (D:8)
  A hippogriff (D:9)
  2 yaks (D:8)
  Eustachio (D:4)
  2 hungry ghosts
  A water moccasin (D:8)
  A sky beast (D:8)
  2 orc warriors
  4 slaves (D:8)
  4 ogres
  A centaur (D:8)
  3 big kobolds (D:8)
  2 bullfrogs
  A wyvern zombie (D:8)
  A gnoll sergeant (D:8)
  4 scorpions
  3 killer bees (D:8)
  A crimson imp (D:6)
  5 howler monkeys
  A hound (D:5)
  A jelly (D:8)
  2 orc priests (D:7)
  3 orc wizards
  3 iguanas (D:7)
  7 worker ants
  2 hound skeletons
  5 gnolls
  7 adders
  2 shadow imps
  2 oozes (D:3)
  3 worms
  A dart slug (D:2)
  3 leopard geckos
  21 orcs
  13 bats
  3 giant cockroaches
  4 hobgoblins
  9 jackals
  4 quokkas
  A ball python (D:3)
  3 frilled lizards
  7 goblins
  A jackal skeleton (D:4)
  7 kobolds
  2 leopard gecko skeletons
  A leopard gecko zombie (D:8)
  A quokka skeleton (D:8)
  7 rats
172 creatures vanquished.

Vanquished Creatures (others)
  An orc wizard (D:5)
  2 fungi (D:8)
  4 plants (D:8)
7 creatures vanquished.

Grand Total: 179 creatures vanquished

Notes
Turn   | Place    | Note
-------+----------+-------------------------------------------
     0 | D:1      | Duffy the Naga Fire Elementalist began the quest for the
                  | Orb.
     0 | D:1      | Reached XP level 1. HP: 15/15 MP: 3/3
   221 | D:1      | Reached XP level 2. HP: 13/22 MP: 5/5
   750 | D:2      | Found an iron altar of Okawaru.
  1011 | D:1      | Reached XP level 3. HP: 19/28 MP: 6/6
  1016 | D:1      | Learned a level 3 spell: Conjure Flame
  1196 | D:2      | Found an ancient bone altar of Kikubaaqudgha.
  1241 | D:2      | Found a blossoming altar of Fedhas.
  1491 | D:2      | Found a faded altar of an unknown god.
  1843 | D:3      | Reached XP level 4. HP: 32/36 MP: 7/7
  2294 | D:3      | Reached XP level 5. HP: 42/42 MP: 9/9
  2355 | D:3      | Learned a level 4 spell: Sticky Flame
  2783 | D:4      | Noticed Eustachio
  2795 | D:4      | Killed Eustachio
  2795 | D:4      | Reached XP level 6. HP: 41/49 MP: 8/11
  3073 | D:4      | Found an ornate altar of the Wu Jian Council.
  3434 | D:4      | Found a shattered altar of Ashenzari.
  3447 | D:4      | Reached XP level 7. HP: 52/55 MP: 12/12
  3544 | D:4      | Learned a level 5 spell: Fireball
  3568 | D:5      | Entered Level 5 of the Dungeon
  3666 | D:5      | Found a radiant altar of Vehumet.
  3672 | D:5      | Became a worshipper of Vehumet
  3825 | D:5      | Found a runed translucent gate.
  3826 | D:5      | Found a runed translucent gate.
  3826 | D:5      | Noticed Cynry's ghost (novice GnSk)
  3827 | D:5      | Found a roughly hewn altar of Beogh.
  3827 | D:5      | Found a runed translucent gate.
  3886 | D:5      | Found a bloodstained altar of Trog.
  3986 | D:5      | Found a sacrificial altar of Ru.
  4203 | D:5      | Reached skill level 5 in Conjurations
  4203 | D:5      | Reached skill level 5 in Fire Magic
  4496 | D:6      | Noticed Prince Ribbit
  5061 | D:6      | Killed Prince Ribbit
  5061 | D:6      | Reached skill level 5 in Spellcasting
  5061 | D:6      | Reached XP level 8. HP: 36/62 MP: 15/15
  5237 | D:7      | Reached * piety under Vehumet
  5237 | D:7      | Offered knowledge of Sandblast by Vehumet.
  5295 | D:7      | Found a staircase to the Ecumenical Temple.
  6029 | D:7      | Reached XP level 9. HP: 59/68 MP: 17/17
  7030 | D:8      | Found a runed translucent gate.
  7030 | D:8      | Found a runed translucent gate.
  7031 | D:8      | Found a runed translucent gate.
  7031 | D:8      | Noticed a kobold demonologist
  7032 | D:8      | Identified the +5 dagger of Feifesma {drain, -Tele rPois
                  | Str+8}
  7034 | D:8      | Noticed Phong's ghost (novice HuAK)
  7074 | D:8      | Noticed Pikel
  7423 | D:8      | Noticed Psyche
  7434 | D:8      | Killed Psyche
  7782 | D:8      | Found a snail-covered altar of Cheibriados.
  7857 | D:8      | Reached ** piety under Vehumet
  7857 | D:8      | Offered knowledge of Searing Ray by Vehumet.
  7960 | D:8      | Noticed Erica
  7977 | D:8      | Killed Erica
  7977 | D:8      | Reached XP level 10. HP: 9/75 MP: 10/21
  8344 | D:8      | Paralysed by Pikel for 3 turns
  8348 | D:8      | Paralysed by Pikel for 5 turns
  8354 | D:8      | Killed Pikel
  8708 | D:8      | Found Rofymuju's Weapon Boutique.
  8729 | D:8      | Noticed a three-headed hydra
  8748 | D:8      | Killed a three-headed hydra
  9310 | D:8      | Quit the game

Levels and vault maps discovered:
D:1:      nzn_arrival_crosshair, layout_basic
D:2:      layout_basic, grunt_temple_overflow_growth_and_decay, okawaru_trees_1,
          chequers_ecumenical_altar_twisty, minivault_25, minmay_split_cup_large
D:3:      layout_loops_cross, minmay_tree_intersection, st_stairs_9
D:4:      layout_cave_pools, lemuel_coloured_pillars_altar,
          ashenzari_conservatory_becter, first_ration, uniq_eustachio
D:5:      layout_rooms, nicolae_ru_sacrificial_ziggurat,
          overflow_temple_1_default, vehumet_statue, biasface_ghost_orc_armoury
D:6:      layout_loops_ring, uniq_prince_ribbit1
D:7:      layout_basic, minmay_temple_entry_overgrown
D:8:      layout_basic, slow_altar_2, serial_corexii_hall,
          corexii_hall_statues_deadend, chequers_hall_statues_corner_a,
          gammafunk_ghost_nasty_kobolds, serial_shops, shop_fountains,
          hangedman_ranch [blue_anna_fruit_fields], uniq_erica, uniq_psyche,
          uniq_pikel
D:9:      layout_basic, kennysheep_mini, zombieorc1_lemuel

Skill      XL: |  1  2  3  4  5  6  7  8  9 10 |
---------------+-------------------------------+-----
Conjurations   | 2 3 4 5 6 8 9 |  9.6
Spellcasting   | 3 5 7 8 |  8.6
Fire Magic     | 4 5 6 8 9 |  9.6
Dodging        | |  1.5
Stealth        | |  3.0

Action                   |  1- 3 |  4- 6 |  7- 9 | 10-12 || total
-------------------------+-------+-------+-------+-------++-------
Melee: Trident           |       |       |    19 |       ||    19
 Cast: Flame Tongue      |    72 |    77 |   198 |    63 ||   410
       Sticky Flame      |       |     2 |    24 |    10 ||    36
       Conjure Flame     |       |     3 |     7 |     3 ||    13
       Fireball          |       |       |       |     4 ||     4
 Abil: Spit Poison       |    16 |    15 |    20 |     1 ||    52
  Use: Scroll            |     7 |     2 |     3 |       ||    12
  Eat: Chunk             |     4 |     5 |    19 |     6 ||    34
Armor: Robe              |    12 |     8 |    30 |    18 ||    68
Dodge: Dodged            |    21 |    29 |    61 |    23 ||   134

Table legend:
 A = Non-vault XP
 B = Vault XP
 C = Vault XP percentage of total XP
 D = Non-vault monster count
 E = Vault monster count
 F = Vault count percentage of total count
                 A         B        C        D         E       F
            +---------+---------+-------+---------+---------+-------
      Total |    3902 |    4667 |  54.5 |     148 |      20 |  11.9
            +---------+---------+-------+---------+---------+-------
        D:1 |      20 |       5 |  20.0 |      13 |       1 |   7.1
        D:2 |      13 |      11 |  45.8 |       9 |       3 |  25.0
        D:3 |     186 |       5 |   2.6 |      34 |       2 |   5.6
        D:4 |     192 |     191 |  49.9 |      11 |       1 |   8.3
        D:5 |     277 |       0 |   0.0 |      14 |       0 |   0.0
        D:6 |     314 |     283 |  47.4 |      12 |       1 |   7.7
        D:7 |    1141 |       0 |   0.0 |      31 |       0 |   0.0
        D:8 |    1366 |    4172 |  75.3 |      20 |      12 |  37.5
        D:9 |     393 |       0 |   0.0 |       4 |       0 |   0.0
            +---------+---------+-------+---------+---------+-------
